 Dungeon Crawl Stone Soup version 0.27.0-1-g7a089689b8 (webtiles) character file.

Game seed: 8134624371012867187

344 VictoriousLee the Vexing (level 6, 0/46 (47) HPs)
             Began as a Gnoll Arcane Marksman on Aug 18, 2021.
             Slain by a wight (16 damage)
             ... on level 4 of the Dungeon.
             The game lasted 00:18:07 (4538 turns).

VictoriousLee the Vexing (Gnoll Arcane Marksman)    Turns: 4538, Time: 00:18:08

HP:   0/46 (47)     AC:  5    Str: 10    XL:     6   Next: 58%
MP:   11/11         EV: 12    Int: 12    God:
Gold: 90            SH:  7    Dex: 20    Spells: 10/11 levels left

rFire    . . .     SeeInvis .   a - +0 hand crossbow
rCold    . . .     Faith    .   s - +2 buckler
rNeg     . . .     Spirit   .   i - +0 ring mail
rPois    .         Reflect  .   (no helmet)
rElec    .         Harm     .   (no cloak)
rCorr    .         Rampage  .   (no gloves)
Will     .....                  (no boots)
Stlth    ++........             (no amulet)
HPRegen  0.15/turn              e - +6 ring of dexterity
MPRegen  0.12/turn              (no ring)

@: studying Slings, lightly drained
A: fangs 1, strong nose, distributed training
a: no special abilities


You were on level 4 of the Dungeon.
You visited 1 branch of the dungeon, and saw 4 of its levels.

You collected 90 gold pieces.

Inventory:

Hand Weapons
 a - a +0 hand crossbow (weapon)
 b - a +0 hunting sling
 k - a +0 mace
 l - a +0 dagger
 m - a +0 hand axe
 x - a +0 rapier
 y - the +5 hand axe "Omelette" {pain, rC+ Dex+2}
   (You found it on level 4 of the Dungeon)

   In the hands of one skilled in necromantic magic, it inflicts extra damage on
   living creatures.
   Dex:       It affects your dexterity (+2).
   rC:        It protects you from cold.
 z - a +1 dagger of draining
 A - a +2 vorpal war axe
Missiles
 c - 19 bolts (quivered ammo)
 h - 132 stones
 q - 34 sling bullets
 r - 9 boomerangs
Armour
 d - a +0 robe
 i - a +0 ring mail (worn)
 s - a +2 buckler (worn)
Jewellery
 e - a +6 ring of dexterity (left hand)
 u - a +6 ring of intelligence
Scrolls
 f - 4 scrolls of amnesia {unknown}
 g - a scroll of enchant weapon {unknown}
 n - 3 scrolls of identify
 o - a scroll of fog {unknown}
 p - 2 scrolls of teleportation {unknown}
 v - a scroll of fear {unknown}
Potions
 j - a potion of degeneration
 t - a potion of brilliance
 w - a potion of haste


   Skills:
 + Level 3.3 Fighting
 + Level 2.0 Short Blades
 + Level 2.0 Long Blades
 + Level 2.0 Axes
 + Level 2.0 Maces & Flails
 + Level 2.0 Polearms
 + Level 2.0 Staves
 + Level 2.9 Slings
 + Level 2.0 Bows
 + Level 5.0 Crossbows
 + Level 2.0 Throwing
 + Level 2.0 Armour
 + Level 5.0 Dodging
 + Level 2.0 Stealth
 + Level 2.0 Shields
 + Level 2.0 Unarmed Combat
 + Level 3.4 Spellcasting
 + Level 1.6 Conjurations
 + Level 5.7 Hexes
 + Level 1.6 Summonings
 + Level 1.6 Necromancy
 + Level 1.6 Translocations
 + Level 1.6 Transmutations
 + Level 1.6 Fire Magic
 + Level 1.6 Ice Magic
 + Level 1.6 Air Magic
 + Level 1.6 Earth Magic
 + Level 1.6 Poison Magic
 + Level 2.2 Invocations
 + Level 2.0 Evocations


You had 10 spell levels left.
You knew the following spells:

 Your Spells              Type           Power      Damage    Failure   Level
a - Corona                Hex            16%        N/A       8%          1

Your spell library contained the following spells:

 Spells                   Type           Power      Damage    Failure   Level
 Slow                     Hex            15%        N/A       11%         2
 Inner Flame              Hex/Fire       10%        N/A       45%         3
 Portal Projectile        Hex/Tloc       20%        N/A       45%         3
 Cause Fear               Hex            7%         N/A       58%         4


Dungeon Overview and Level Annotations

Branches:
Dungeon (4/15)
 Temple: D:4-7

Altars:

Shops:
D:2 *   D:3 **?

Annotations:
D:3 Sigmund


Innate Abilities, Weirdness & Mutations

You have very sharp teeth.
Your uncanny sense of smell can sniff out nearby items.
Your experience applies equally to all skills.


Message History

A wight comes into view. It is wielding a +4 short sword.
Your Short Blades skill increases to level 2!
Your Long Blades skill increases to level 2!
Your Axes skill increases to level 2!
Your Maces & Flails skill increases to level 2!
Your Polearms skill increases to level 2!
Your Staves skill increases to level 2!
Your Bows skill increases to level 2!
Your Throwing skill increases to level 2!
Your Armour skill increases to level 2!
Your Stealth skill increases to level 2!
Your Shields skill increases to level 2!
Your Unarmed Combat skill increases to level 2!
Your Evocations skill increases to level 2!
Fire: 23 bolts
Press: ? - help, Q - select action, (/) - cycle Shift-Dir - straight line, f - wight, p - wight
Aim: a wight, wielding a +4 short sword and wearing a +0 robe (wandering, hasn't noticed you, 68% to hit)
You shoot a bolt. The bolt barely misses the wight.
The bolt hits the wight but does no damage.
Fire: 22 bolts
Press: ? - help, Q - select action, (/) - cycle Shift-Dir - straight line, f/p - wight
Aim: a wight, wielding a +4 short sword and wearing a +0 robe (68% to hit)
You shoot a bolt. The bolt hits the wight.
The wight is severely damaged.
The wight hits you with a +5 long sword!
Fire: 21 bolts
Press: ? - help, Q - select action, (/) - cycle Shift-Dir - straight line, f/p - wight
Aim: a wight, wielding a +4 short sword and wearing a +0 robe (68% to hit)
You shoot a bolt. The bolt hits the wight.
The wight is almost destroyed.
The wight hits you with a +5 long sword!
The wight hits you with a +5 long sword.
You feel drained.
Fire: 20 bolts
Press: ? - help, Q - select action, (/) - cycle Shift-Dir - straight line, f/p - wight
Aim: a wight, wielding a +4 short sword and wearing a +0 robe (68% to hit)
You shoot a bolt.
The bolt hits the wight but does no damage.
The wight is almost destroyed.
The wight hits you with a +5 long sword!
You die...

.. ∆ #(# ..
(# ##(# #).#
#z# ##z# ###
#@## ##..###
#.#
#.....####.#
#......##.##
#.......#.#
#.........#
#.........#
#........##
##......##


You could see 2 wights.

Vanquished Creatures
  An ogre (D:4)
  A wight (D:4)
  An iguana (D:3)
  2 orc wizards
  6 adders
  2 worms (D:2)
  10 orcs
  2 ball pythons
  7 bats
  7 endoplasms
  4 giant cockroaches
  6 goblins
  5 hobgoblins
  4 jackals (D:3)
  5 quokkas
  2 frilled lizards (D:1)
  4 kobolds
  5 rats
74 creatures vanquished.

Notes
Turn   | Place    | Note
-------+----------+-------------------------------------------
     0 | D:1      | VictoriousLee the Gnoll Arcane Marksman began the quest for
                  | the Orb.
     0 | D:1      | Reached XP level 1. HP: 17/17 MP: 4/4
   354 | D:1      | Reached XP level 2. HP: 23/23 MP: 5/5
   720 | D:1      | Found a faded altar of an unknown god.
  1501 | D:2      | Reached XP level 3. HP: 24/28 MP: 7/7
  1542 | D:2      | Found Tottep's General Store.
  1628 | D:2      | Reached skill level 1 in Slings
  1725 | D:2      | Reached skill level 1 in Invocations
  1743 | D:2      | Reached skill level 1 in Short Blades
  1743 | D:2      | Reached skill level 1 in Long Blades
  1743 | D:2      | Reached skill level 1 in Axes
  1743 | D:2      | Reached skill level 1 in Maces & Flails
  1743 | D:2      | Reached skill level 1 in Polearms
  1743 | D:2      | Reached skill level 1 in Staves
  1743 | D:2      | Reached skill level 1 in Bows
  1743 | D:2      | Reached skill level 1 in Throwing
  1743 | D:2      | Reached skill level 1 in Armour
  1743 | D:2      | Reached skill level 1 in Stealth
  1743 | D:2      | Reached skill level 1 in Shields
  1743 | D:2      | Reached skill level 1 in Unarmed Combat
  1743 | D:2      | Reached skill level 1 in Evocations
  1791 | D:2      | Reached XP level 4. HP: 19/34 MP: 8/8
  2797 | D:3      | Reached skill level 1 in Conjurations
  2797 | D:3      | Reached skill level 1 in Summonings
  2797 | D:3      | Reached skill level 1 in Necromancy
  2797 | D:3      | Reached skill level 1 in Translocations
  2797 | D:3      | Reached skill level 1 in Transmutations
  2797 | D:3      | Reached skill level 1 in Fire Magic
  2797 | D:3      | Reached skill level 1 in Ice Magic
  2797 | D:3      | Reached skill level 1 in Air Magic
  2797 | D:3      | Reached skill level 1 in Earth Magic
  2797 | D:3      | Reached skill level 1 in Poison Magic
  2839 | D:3      | Reached XP level 5. HP: 17/40 MP: 9/9
  3222 | D:3      | Found Sepe's Assorted Antiques.
  3237 | D:3      | Found Tuowk's General Store.
  3243 | D:3      | Noticed Sigmund
  3555 | D:3      | Found Inat's Magic Scroll Emporium.
  3799 | D:4      | Identified the +5 hand axe "Omelette" {pain, rC+ Dex+2}
  3821 | D:4      | Noticed an ogre
  3834 | D:4      | Killed an ogre
  3835 | D:4      | Reached XP level 6. HP: 7/47 MP: 9/11
  4229 | D:4      | Reached skill level 5 in Crossbows
  4229 | D:4      | Reached skill level 5 in Dodging
  4538 | D:4      | Slain by a wight

Illustrated notes

Levels and vault maps discovered:
D:1:      heliophobic_arrival_dark_side_of_the_moon, layout_basic,
          shapermc_ecumenical_altar_notcrosses, minivault_23
D:2:      layout_basic, serial_shops, shop
D:3:      layout_rooms, serial_shops, shop, shop_fountains,
          nicolae_diamond_shop, uniq_sigmund
D:4:      layout_cave_pods, uniq_ijyb, uniq_natasha

Skill      XL: |  1  2  3  4  5  6 |
---------------+-------------------+-----
Slings         | 1 2 |  2.9
Invocations    | 1 2 |  2.2
Short Blades   | 1 2 |  2.0
Long Blades    | 1 2 |  2.0
Axes           | 1 2 |  2.0
Maces & Flails | 1 2 |  2.0
Polearms       | 1 2 |  2.0
Staves         | 1 2 |  2.0
Bows           | 1 2 |  2.0
Throwing       | 1 2 |  2.0
Armour         | 1 2 |  2.0
Stealth        | 1 2 |  2.0
Shields        | 1 2 |  2.0
Unarmed Combat | 1 2 |  2.0
Evocations     | 1 2 |  2.0
Spellcasting   | 3 |  3.4
Conjurations   | 1 |  1.6
Summonings     | 1 |  1.6
Necromancy     | 1 |  1.6
Translocations | 1 |  1.6
Transmutations | 1 |  1.6
Fire Magic     | 1 |  1.6
Ice Magic      | 1 |  1.6
Air Magic      | 1 |  1.6
Earth Magic    | 1 |  1.6
Poison Magic   | 1 |  1.6
Fighting       | 3 |  3.3
Crossbows      | 5 |  5.0
Dodging        | 5 |  5.0
Hexes          | |  5.7

Action                   |  1- 3 |  4- 6 || total
-------------------------+-------+-------++-------
Melee: Dagger            |    80 |    67 ||   147
       Bite              |     7 |    14 ||    21
       Punch             |     1 |       ||     1
       Hand axe          |       |    10 ||    10
 Fire: Hand crossbow     |    42 |   113 ||   155
       Hunting sling     |       |    27 ||    27
  Use: Scroll            |       |     3 ||     3
       Potion            |       |     1 ||     1
Armor: Ring mail         |    25 |    43 ||    68
Dodge: Dodged            |    70 |    78 ||   148
Block: Buckler           |       |    29 ||    29
